 Dungeon Sprint DCSS version 0.27-a0-1322-gfdffb62a71 (webtiles) character file.

Game seed: 9221158504036865318

16173 mhtbhm the Sorcerer (level 12, -4/61 HPs)
             Began as a Deep Elf Earth Elementalist on June 22, 2021.
             Was the Champion of Vehumet.
             Shot with an arrow by a centaur warrior (11 damage)
             ... in the Dungeon (Sprint IX: "|||||||||||||||||||||||||||||").
             The game lasted 00:09:13 (4033 turns).

mhtbhm the Sorcerer (Deep Elf Earth Elementalist)   Turns: 4033, Time: 00:09:13

Health: -4/61      AC:  6    Str:  5    XL:     12   Next: 7%
Magic:  11/41      EV: 18    Int: 26    God:    Vehumet [******]
Gold:   80         SH:  0    Dex: 21    Spells: 12/57 levels left

rFire    . . .     SeeInvis .   l - +2 rapier "Adossoly" {vorpal, rC++}
rCold    + + .     Faith    .   (no shield)
rNeg     + . .     Spirit   .   b - +2 robe {rN+}
rPois    .         Reflect  .   (no helmet)
rElec    .         Harm     .   G - scarf {repulsion}
rCorr    .         Rampage  .   n - +0 pair of gloves
Will     +....     NoTele   +   m - +0 pair of boots
Stlth    ++++......             (no amulet)
HPRegen  0.20/turn              o - +3 ring of dexterity
MPRegen  0.27/turn              p - +3 ring of dexterity

@: repel missiles
A: no striking features
a: Renounce Religion


You were in the Dungeon.
You worshipped Vehumet.
Vehumet was exalted by your worship.
You visited 1 branch You collected 1947 gold pieces.
You spent 1867 gold pieces at shops.

Inventory:

Hand Weapons
 l - the +2 rapier "Adossoly" (weapon) {vorpal, rC++}
   (You found it in the Dungeon)

   It inflicts extra damage upon your enemies.
   It greatly protects you from cold.
Missiles
 i - 13 stones
 w - 7 silver boomerangs (quivered)
Armour
 b - a +2 robe of positive energy (worn)
 m - a +0 pair of boots (worn)
 n - a +0 pair of gloves (worn)
 G - a scarf of repulsion (worn)
Magical Staves
 x - a staff of earth
Jewellery
 o - a +3 ring of dexterity (left hand)
 p - a +3 ring of dexterity (right hand)
 y - a ring of see invisible
 D - a ring of willpower
 E - a ring of protection from cold
Wands
 k - a wand of acid (4)
Scrolls
 h - 2 scrolls of blinking
 j - 2 scrolls of amnesia
 s - 6 scrolls of enchant armour
 t - 4 scrolls of enchant weapon
 u - a scroll of fog
 F - a scroll of fear
 H - a scroll of identify
Potions
 a - a potion of invisibility
 c - 6 potions of curing
 d - 8 potions of heal wounds
 e - 2 potions of haste
 f - 5 potions of magic
 g - 5 potions of berserk rage
 q - 3 potions of brilliance
 v - a potion of might
 z - a potion of cancellation
 A - a potion of mutation
 B - a potion of ambrosia
 C - a potion of flight
Miscellaneous
 r - a box of beasts


   Skills:
 + Level 1.2 Fighting
 + Level 1.2 Short Blades
 + Level 8.1 Dodging
 + Level 7.7 Stealth
 + Level 23.3 Spellcasting
 + Level 4.4 Conjurations
 + Level 7.0 Transmutations
 + Level 20.7 Earth Magic
 + Level 3.1 Evocations


You had 12 spell levels left.
You knew the following spells:

 Your Spells              Type           Power      Damage    Failure   Level
a - Sandblast             Erth           100%       2d20      0%          1
b - Passwall              Tmut/Erth      66%        N/A       0%          2
c - Stone Arrow           Conj/Erth      100%       3d13      0%          3
d - Lee's Rapid Deconstr  Erth           47%        3d24*     0%          5
e - Petrify               Tmut/Erth      80%        N/A       1%          4
f - Orb of Destruction    Conj           26%        9d10      36%         7
g - Iron Shot             Conj/Erth      38%        9d8       1%          6
h - Shatter               Erth           47%        3d36*     7%          9
i - Ignition              Fire           15%        3d6       100%        8

Your spell library contained the following spells:

 Spells                   Type           Power      Damage    Failure   Level
 Lehudib's Crystal Spear  Conj/Erth      38%        10d10     12%         8
 Chain Lightning          Conj/Air       20%        3d27      100%        9
 Fire Storm               Conj/Fire      20%        8d5       100%        9
 Static Discharge         Conj/Air       41%        N/A       1%          2
 Lightning Bolt           Conj/Air       20%        1d35      3%          5
 Polar Vortex             Ice            15%        N/A       100%        9


Dungeon Overview and Level Annotations

Branches:
Dungeon (1/1)

Altars:
Cheibriados
Dithmenos
Elyvilon
Fedhas
Gozag
Hepliaklqana
Kikubaaqudgha
Makhleb
Nemelex Xobeh
Okawaru
Qazlal
Ru
Sif Muna
Trog
Uskayaw
Vehumet
Wu Jian
Xom
Yredelemnul
Zin
The Shining One
Beogh
Jiyva
Lugonu

Shops:
D :!*:


Message History

Press: ? - help, Dir - move target, f/p - tengu reaver Fragment what (e.g. wall or brittle monster)?: a tengu reaver, wielding a +0 battleaxe of freezing and wearing a +0 ring mail (severely wounded, petrifying slowly)
The tengu reaver shatters!!
The tengu reaver is severely wounded.
The centaur warrior shouts!
You hear a horrible gurgling sound!
The tengu reaver stops moving altogether!
A cyan ugly thing comes into view.
Unknown command.
Casting: Lee's Rapid Deconstruction (safe; 0% risk of failure)
Confirm with . or Enter, or press ? or * to list all spells.
You don't have enough magic to cast this spell.
Unknown command.
You see here +0 storm dragon scales.
You see here a +1 scale mail of cold resistance.
You see here a +1 tower shield.
You see here +1 ice dragon scales.
Things that are here:
a +1 cloak; a +0 cloak You see here a +3 chain mail.
You see here +0 acid dragon scales.
You see here a +1 great sword.
You see here a +1 lajatang.
You see here a +1 lajatang.
You see here a +6 hand axe of flaming.
You see here a +1 flail of holy wrath.
You see here a +0 triple crossbow.
You see here a +0 hand crossbow.
You see here a +4 mace of protection.
The centaur warrior wields a +0 shortbow.
The centaur warrior shoots an arrow.
The arrow hits you!
* * * LOW HITPOINT WARNING * * *
You see here a ring of see invisible.
The centaur warrior shoots an arrow.
The arrow barely misses you.
The centaur warrior shoots an arrow.
The arrow misses you.
The centaur warrior shoots an arrow.
The arrow hits you!
* * * LOW HITPOINT WARNING * * *
There is an open door here.
The centaur warrior shoots an arrow.
The arrow closely misses you.
The centaur warrior shoots an arrow.
The arrow hits you!
You die...

▓=▓.▓)▓.▓.▓.▓.▓
▓c▓.▓.▓)▓.▓.▓.▓
▓.▓.▓.▓.▓.▓.▓'▓
▓'▓.▓.▓.▓.▓.▓.▓
▓.▓.▓.▓.▓.▓.▓.▓
▓.▓.▓.▓.▓'▓.▓.▓
▓.▓.▓.▓.▓.▓.▓.▓
▓.▓.▓.▓.▓.▓.▓.▓
▓@▓.▓.▓.▓.▓.▓'▓
▓.▓.▓.▓.▓.▓.▓)▓
▓.▓.▓.▓.▓.▓.▓.▓
▓.▓.▓.▓.▓.▓.▓.▓
▓...▓...▓...▓<▓
▓▓▓▓▓▓▓▓▓▓▓▓▓▓▓


You could see a centaur warrior.

Vanquished Creatures
  Josephine (D)
  3 hydras (D)
  A centaur warrior (D)
  Urug (D)
  4 orc high priests (D)
  A wizard (D)
  An orc sorcerer (D)
  2 orc knights (D)
  3 cyclopes (D)
  3 cane toads (D)
  Psyche (D)
  2 komodo dragons (D)
  A tengu conjurer (D)
  A troll (D)
  2 polar bears (D)
  A wind drake (shapeshifter) (D)
  A dream sheep (D)
  5 wraiths (D)
  A yak (D)
  2 basilisks (D)
  2 vampire mosquitoes (D)
  2 water moccasins (D)
  6 orc warriors (D)
  6 black bears (D)
  A centaur (D)
  2 kobold brigands (D)
  A phantom (D)
  6 bullfrogs (D)
  A howler monkey (D)
  12 orc priests (D)
  An iguana (D)
  7 orc wizards (D)
  An adder skeleton (D)
  An adder zombie (D)
  A dart slug (D)
  7 orcs (D)
  2 bats (D)
  A giant cockroach (D)
  A goblin (D)
  A frilled lizard (D)
99 creatures vanquished.

Notes
Turn   | Place    | Note
-------+----------+-------------------------------------------
     0 | D        | mhtbhm the Deep Elf Earth Elementalist began the quest for
                  | the Orb.
     0 | D        | Reached XP level 1. HP: 10/10 MP: 6/6
   132 | D        | Noticed an iguana
   132 | D        | Noticed a phantom
   134 | D        | Reached XP level 2. HP: 15/15 MP: 6/8
   136 | D        | Killed a phantom
   137 | D        | Reached skill level 6 in Spellcasting
   137 | D        | Reached XP level 3. HP: 19/19 MP: 3/12
   137 | D        | Reached XP level 4. HP: 24/24 MP: 3/14
   233 | D        | Learned a level 2 spell: Passwall
   237 | D        | Learned a level 3 spell: Stone Arrow
   245 | D        | Found a snail-covered altar of Cheibriados.
   245 | D        | Found a shadowy altar of Dithmenos.
   245 | D        | Found a white marble altar of Elyvilon.
   245 | D        | Found a blossoming altar of Fedhas.
   245 | D        | Found an opulent altar of Gozag.
   246 | D        | Found a hazy altar of Hepliaklqana.
   247 | D        | Found a viscous altar of Jiyva.
   248 | D        | Found an ancient bone altar of Kikubaaqudgha.
   249 | D        | Found a corrupted altar of Lugonu.
   250 | D        | Found a burning altar of Makhleb.
   251 | D        | Found a sparkling altar of Nemelex Xobeh.
   252 | D        | Found an iron altar of Okawaru.
   253 | D        | Found a stormy altar of Qazlal.
   254 | D        | Found a sacrificial altar of Ru.
   255 | D        | Found a shimmering blue altar of Sif Muna.
   256 | D        | Found a bloodstained altar of Trog.
   257 | D        | Found a hide-covered altar of Uskayaw.
   258 | D        | Found a radiant altar of Vehumet.
   259 | D        | Found an ornate altar of the Wu Jian Council.
   260 | D        | Found a shimmering altar of Xom.
   261 | D        | Found a basalt altar of Yredelemnul.
   262 | D        | Found a glowing silver altar of Zin.
   263 | D        | Found a glowing golden altar of the Shining One.
   266 | D        | Became a worshipper of Vehumet
   280 | D        | Got the +2 rapier "Adossoly" {vorpal, rC++}
   304 | D        | Noticed a centaur
   304 | D        | Noticed a wraith
   304 | D        | Noticed a kobold brigand
   304 | D        | Noticed a kobold brigand
   304 | D        | Noticed an orc warrior
   308 | D        | Killed an orc warrior
   309 | D        | Reached skill level 5 in Dodging
   309 | D        | Reached skill level 5 in Stealth
   309 | D        | Reached skill level 8 in Spellcasting
   309 | D        | Reached XP level 5. HP: 28/28 MP: 9/18
   309 | D        | Reached * piety under Vehumet
   309 | D        | Offered knowledge of Foxfire by Vehumet.
   310 | D        | Reached skill level 9 in Spellcasting
   310 | D        | Reached skill level 1 in Conjurations
   310 | D        | Reached skill level 10 in Earth Magic
   310 | D        | Reached XP level 6. HP: 28/32 MP: 9/20
   314 | D        | Reached skill level 10 in Spellcasting
   317 | D        | Killed a wraith
   317 | D        | Reached ** piety under Vehumet
   318 | D        | Reached skill level 11 in Spellcasting
   318 | D        | Reached skill level 1 in Evocations
   318 | D        | Reached XP level 7. HP: 36/37 MP: 1/24
   445 | D        | Noticed a vampire mosquito
   445 | D        | Noticed a wraith
   445 | D        | Noticed a cyclops
   445 | D        | Noticed a cyclops
   445 | D        | Noticed a cyclops
   445 | D        | Noticed a troll
   564 | D        | Learned a level 5 spell: Lee's Rapid Deconstruction
   569 | D        | Learned a level 4 spell: Petrify
   585 | D        | Killed a troll
   585 | D        | Offered knowledge of Shock by Vehumet.
   586 | D        | Reached skill level 12 in Spellcasting
   709 | D        | Killed a cyclops
   710 | D        | Reached skill level 1 in Fighting
   710 | D        | Reached skill level 13 in Spellcasting
   710 | D        | Reached XP level 8. HP: 43/43 MP: 2/27
   848 | D        | Killed a cyclops
   848 | D        | Offered knowledge of Static Discharge by Vehumet.
   849 | D        | Reached skill level 14 in Spellcasting
   992 | D        | Killed a cyclops
   992 | D        | Reached *** piety under Vehumet
   993 | D        | Reached skill level 15 in Spellcasting
  1147 | D        | Reached XP level 9. HP: 47/47 MP: 20/30
  1197 | D        | Offered knowledge of Ignite Poison by Vehumet.
  1468 | D        | Noticed a komodo dragon
  1468 | D        | Noticed a cane toad
  1471 | D        | Reached **** piety under Vehumet
  1471 | D        | Offered knowledge of Fireball by Vehumet.
  1472 | D        | Reached skill level 15 in Earth Magic
  1472 | D        | Noticed a cane toad
  1475 | D        | Killed a cane toad
  1476 | D        | Reached skill level 16 in Spellcasting
  1476 | D        | Killed a komodo dragon
  1476 | D        | Reached ***** piety under Vehumet
  1481 | D        | Reached skill level 17 in Spellcasting
  1483 | D        | Killed a cane toad
  1710 | D        | Offered knowledge of Olgreb's Toxic Radiance by Vehumet.
  1795 | D        | Noticed a cane toad
  1795 | D        | Noticed a seven-headed hydra
  1795 | D        | Noticed a six-headed hydra
  1806 | D        | Killed a seven-headed hydra
  1807 | D        | Reached skill level 18 in Spellcasting
  1807 | D        | Reached XP level 10. HP: 33/52 MP: 16/34
  1807 | D        | Killed a six-headed hydra
  1813 | D        | Killed a cane toad
  1816 | D        | Reached skill level 19 in Spellcasting
  2033 | D        | Offered knowledge of Conjure Ball Lightning by Vehumet.
  2053 | D        | Reached skill level 5 in Transmutations
  2181 | D        | Reached ****** piety under Vehumet
  2182 | D        | Reached skill level 20 in Spellcasting
  2184 | D        | Offered knowledge of Iskenderun's Battlesphere by Vehumet.
  2313 | D        | Noticed Urug
  2318 | D        | Killed Urug
  2398 | D        | Noticed Psyche
  2414 | D        | Killed Psyche
  2415 | D        | Reached XP level 11. HP: 50/56 MP: 4/37
  2576 | D        | Noticed an orc knight
  2585 | D        | Killed an orc knight
  2591 | D        | Offered knowledge of Spellforged Servitor by Vehumet.
  2634 | D        | Reached skill level 1 in Short Blades
  2796 | D        | Noticed an orc sorcerer
  2799 | D        | Offered knowledge of Ozocubu's Refrigeration by Vehumet.
  2800 | D        | Killed an orc sorcerer
  2801 | D        | Noticed an orc high priest
  2804 | D        | Noticed an orc knight
  2808 | D        | Killed an orc high priest
  2809 | D        | Reached skill level 21 in Spellcasting
  3020 | D        | Killed an orc knight
  3084 | D        | Offered knowledge of Orb of Destruction by Vehumet.
  3162 | D        | Learned a level 7 spell: Orb of Destruction
  3205 | D        | Found Kirghuon's Book Boutique.
  3205 | D        | Noticed an orc high priest
  3209 | D        | Noticed an orc high priest
  3210 | D        | Killed an orc high priest
  3221 | D        | Killed an orc high priest
  3419 | D        | Found Vucvok's General Store.
  3423 | D        | Found Wotu's Distillery.
  3425 | D        | Found Ageluuf's Book Shop.
  3442 | D        | Noticed an orc high priest
  3446 | D        | Killed an orc high priest
  3446 | D        | Offered knowledge of Iron Shot by Vehumet.
  3447 | D        | Reached skill level 22 in Spellcasting
  3591 | D        | Bought a book of the Tempests for 840 gold pieces
  3593 | D        | Bought a staff of earth for 325 gold pieces
  3599 | D        | Bought a potion of cancellation for 104 gold pieces
  3599 | D        | Bought a potion of haste for 130 gold pieces
  3599 | D        | Bought a potion of heal wounds for 65 gold pieces
  3599 | D        | Bought a potion of brilliance for 52 gold pieces
  3599 | D        | Bought a potion of magic for 104 gold pieces
  3599 | D        | Bought a potion of mutation for 104 gold pieces
  3609 | D        | Bought a potion of ambrosia for 104 gold pieces
  3609 | D        | Bought a potion of flight for 39 gold pieces
  3685 | D        | Noticed Josephine
  3692 | D        | Killed Josephine
  3953 | D        | Learned a level 6 spell: Iron Shot
  3963 | D        | Learned a level 9 spell: Shatter
  3972 | D        | Learned a level 8 spell: Ignition
  3981 | D        | Noticed a seven-headed hydra
  3981 | D        | Noticed a centaur warrior
  3981 | D        | Noticed a wizard
  3982 | D        | Killed a wizard
  3982 | D        | Killed a centaur warrior
  3983 | D        | Reached skill level 23 in Spellcasting
  3984 | D        | Killed a seven-headed hydra
  3985 | D        | Reached XP level 12. HP: 61/61 MP: 23/41
  3991 | D        | Offered knowledge of Lehudib's Crystal Spear by Vehumet.
  3991 | D        | Offered knowledge of Fire Storm by Vehumet.
  3991 | D        | Offered knowledge of Chain Lightning by Vehumet.
  3995 | D        | Noticed a tengu reaver
  3998 | D        | Noticed a centaur warrior
  4033 | D        | Shot with an arrow by a centaur warrior

Illustrated notes

Levels and vault maps discovered:
D:        linesprint [early_d, line_temple, items_1, d_10, items_2, lair_1,
          lair_end, items_3, orc_1, orc_end, items_4, d_15, swamp_1, shoals_1,
          snake_1, spider_1, d_20, vaults_1, items_5, swamp_end, shoals_end,
          snake_end, spider_end, vaults_end, d_27, items_6, zot_1, zot_end,
          crypt_end, forest_end, elf_end, slime_end, tomb_end, abyss_end,
          pan_hell_end]

Skill      XL: |  1  2  3  4  5  6  7  8  9 10 11 |
---------------+----------------------------------+-----
Earth Magic    | 4 7 9 10 11 13 14 16 18 20 | 20.7
Stealth        | 3 4 5 6 7 |  7.7
Dodging        | 4 5 6 7 8 |  8.1
Spellcasting   | 6 8 9 11 13 15 18 20 23 | 23.3
Conjurations   | 1 2 3 4 |  4.4
Evocations     | 1 2 3 |  3.1
Fighting       | 1 |  1.2
Transmutations | 2 3 4 5 7 |  7.0
Short Blades   | 1 |  1.2

Action                   |  1- 3 |  4- 6 |  7- 9 | 10-12 || total
-------------------------+-------+-------+-------+-------++-------
Melee: Rapier            |       |       |     1 |     2 ||     3
 Cast: Sandblast         |    11 |     4 |       |     2 ||    17
       Stone Arrow       |       |     6 |     4 |    15 ||    25
       Lee's Rapid Decon |       |       |    27 |    58 ||    85
       Petrify           |       |       |    10 |    27 ||    37
       Shatter           |       |       |       |     3 ||     3
Evoke: Wand              |       |     4 |       |     2 ||     6
  Use: Potion            |       |     1 |       |     2 ||     3
       Scroll            |       |       |     1 |       ||     1
 Stab: Petrified         |       |       |       |     2 ||     2
Armor: Robe              |     2 |       |     1 |     1 ||     4
Dodge: Dodged            |     2 |     6 |    12 |    21 ||    41

Table legend: (Time is in decaauts)
 A = Elapsed time spent in this place.
 B = Non-inter-level travel time spent in this place.
 C = Inter-level travel time spent in this place.
 D = Time resting spent in this place.
 E = Time spent auto-exploring this place.
 F = Levels seen in this place.
 G = Mean time per level.
                   A        B        C        D        E       F      G
               +--------+--------+--------+--------+--------+-----+--------+
         Total |   4032 |   4032 |      0 |   2425 |    704 |   1 | 4032.0 |
       Dungeon |   4032 |   4032 |      0 |   2425 |    704 |   1 | 4032.0 |
               +--------+--------+--------+--------+--------+-----+--------+

Top non-repeatable levels by time:
       D: 4032 daAuts
